 Dungeon Crawl Stone Soup version 0.24-a0-439-g6dd8730de2 (webtiles) character file.

Game seed: 10901649303277799869

13622 KristoblXynda the Carver (level 11, -1/94 HPs)
             Began as a Grey Draconian Gladiator on June 18, 2019.
             Was a Priest of Ashenzari.
             Slain by a death knight
             ... wielding a +0 glaive
              (11 damage)
             ... on level 12 of the Dungeon.
             The game lasted 00:25:03 (10737 turns).

KristoblXynda the Carver (DrGl)                    Turns: 10737, Time: 00:25:04

Health: -1/94      AC: 14    Str: 16    XL:     11   Next: 78%
Magic:  20/20      EV: 26    Int: 12    God:    Ashenzari [***...]
Gold:   587        SH:  0    Dex: 24    Spells: 18/23 levels left

rFire    . . .     SeeInvis +   j - +8 scimitar (curse)
rCold    . . .     Gourm    .   (no shield)
rNeg     . . .     Faith    .   (armour unavailable)
rPois    .         Spirit   .   b - +1 hat
rElec    .         Reflect  .   (no cloak)
rCorr    .         Harm     .   q - +0 pair of gloves
MR       .....                  (no boots)
Stlth    ++++......             u - amulet of regeneration (curse)
HPRegen  0.65/turn              p - ring of stealth
MPRegen  0.17/turn              a - +6 ring of dexterity (curse)

@: agile, very slightly contaminated, slowed, very slow
A: walk through water, unfitting armour, unbreathing, cold-blooded, AC +12
a: Curse Item, Scrying, Renounce Religion


You were on level 12 of the Dungeon.
You worshipped Ashenzari.
Ashenzari was most pleased with you.
You were hungry.

You visited 2 branches of the dungeon, and saw 13 of its levels.

You collected 587 gold pieces.

Inventory:

Hand Weapons
 j - a cursed +8 scimitar (weapon)
Missiles
 c - 3 throwing nets (quivered)
Armour
 b - a +1 hat (worn)
 q - a +0 pair of gloves (worn)
 A - the cursed +0 pair of boots of Divine Intervention {*Contam Str-5 Dex+6 Stlth+}
   (You acquired it on level 11 of the Dungeon)

   It affects your strength (-5).
   It affects your dexterity (+6).
   It causes magical contamination when unequipped.
   It makes you more stealthy.
   It has a curse placed upon it.
Jewellery
 a - a cursed +6 ring of dexterity (right hand)
 p - a ring of stealth (left hand)
 u - a cursed amulet of regeneration (around neck)
Wands
 y - a wand of clouds (2)
 E - a wand of disintegration (1)
 G - a wand of paralysis (22)
 I - a wand of scattershot (2)
Scrolls
 l - a scroll of magic mapping
 n - 3 scrolls of teleportation
 o - a scroll of fog
 s - a scroll of remove curse
 v - a scroll of amnesia
Potions
 e - a potion of flight {unknown}
 f - a potion of lignification
 g - a potion of curing
 h - 3 potions of haste {unknown}
 i - 6 potions of mutation
 k - 6 potions of ambrosia
 m - a potion of might {unknown}
 r - 2 potions of agility
 t - 2 potions of magic
 z - a potion of resistance {unknown}
 F - a potion of brilliance {unknown}
Comestibles
 d - 20 rations


   Skills:
 - Level 8.0 Fighting
 + Level 10.1(12.8) Long Blades
 - Level 2.0 Throwing
 + Level 9.1 Dodging
 + Level 6.6 Spellcasting
 + Level 8.3(10.2) Conjurations
 - Level 3.6(5.3) Evocations


You had 18 spell levels left.
You knew the following spells:

 Your Spells              Type           Power        Failure   Level  Hunger
a - Mephitic Cloud        Conj/Pois/Air  ##......     12%         3    ###....
b - Blink                 Tloc           N/A          24%         2    ##.....

Your spell library contained the following spells:

 Spells                   Type           Power        Failure   Level  Hunger
 Magic Dart               Conj           ####         1%          1    None
 Conjure Flame            Conj/Fire      ###.....     6%          3    ###....
 Beastly Appendage        Tmut           #.....       16%         1    None
 Call Imp                 Summ           #.......     24%         2    ##.....
 Slow                     Hex            #.......     24%         2    ##.....
 Sticks to Snakes         Tmut           #.......     24%         2    ##.....
 Spider Form              Tmut/Pois      #.........   43%         3    ###....
 Ice Form                 Ice/Tmut       #.......     83%         4    ####...
 Blade Hands              Tmut           #.........   99%         5    ######.


Dungeon Overview and Level Annotations

Branches:
Dungeon (12/15)            Temple (1/1) D:5            Lair (0/6) D:8
    Orc (0/2) D:12

Altars:
Ashenzari
Cheibriados
Dithmenos
Elyvilon
Fedhas
Gozag
Hepliaklqana
Kikubaaqudgha
Makhleb
Nemelex Xobeh
Okawaru
Qazlal
Ru
Sif Muna
Trog
Uskayaw
Vehumet
Wu Jian
Xom
Yredelemnul
Zin
The Shining One

Annotations:
D:6 exclusion: oklob plant
D:8 Psyche


Innate Abilities, Weirdness & Mutations

You can walk through water.
Your dull iron-grey scales are very hard. (AC +12)
You cannot fit into any form of body armour.
You can survive without breathing.
You are cold-blooded and may be slowed by cold attacks.


Message History

You are very lightly contaminated with residual magic.
As you read the scroll of blinking, it crumbles to dust.
The death knight's dark mirror aura disappears.
The death knight mumbles some strange prayers to Yredelemnul against you.
Your body is wracked with pain!
* * * LOW HITPOINT WARNING * * *
The death knight hits you from afar with a +0 glaive!
* * * LOW HITPOINT WARNING * * *
Okay, then.
You feel better. The death knight barely misses you.
The death knight misses you.
You feel better. The death knight barely misses you.
You barely miss the death knight.
Your tail-slap misses the death knight.
The death knight is severely wounded.
The death knight hits you with a +0 glaive!!
* * * LOW HITPOINT WARNING * * *
You slash the death knight! You tail-slap the death knight.
The death knight is almost dead.
The death knight hits you with a +0 glaive!
You die...

.#########....ยงยง...<..........###
..^........))#########........#..
.............# #........#..
.............# #........#..
.............# #........#'#
.............# #...<.......
.............# #...########
###..........#########...#
#............p@........#
#....................###
#....###.............# #....#
#.(...........# #....#
############### ######


You could see a death knight.

Vanquished Creatures
  Snorg (D:11)
  A hydra (D:11)
  A two-headed ogre (D:11)
  2 skeletal warriors (D:12)
  An unseen horror (D:11)
  An ugly thing (D:12)
  A freezing wraith (D:12)
  3 komodo dragons
  A merfolk (D:10)
  2 trolls
  2 hippogriffs
  A centaur simulacrum (D:12)
  A spriggan (D:10)
  A wraith (D:12)
  3 yaks (D:12)
  Edmund (D:6)
  A water moccasin (D:9)
  An orc warrior (D:8)
  6 ice beasts
  2 black bears
  A sky beast (D:8)
  7 ogres
  An eye of draining (D:9)
  A necrophage (D:12)
  2 centaurs
  A wolf (D:12)
  A crocodile (D:12)
  A wyvern zombie (D:8)
  7 bullfrogs
  4 scorpions
  4 killer bees (D:7)
  18 wights
  2 electric eels (D:12)
  4 crimson imps
  2 bullfrog zombies
  A quasit (D:12)
  A wyvern simulacrum (D:12)
  A centaur zombie (D:9)
  7 hounds
  9 jellies
  2 centaur skeletons
  A gnoll shaman (D:6)
  8 orc priests
  3 bullfrog skeletons
  5 iguanas
  Jessica (D:2)
  9 orc wizards
  14 worker ants
  A bullfrog simulacrum (D:12)
  A hound zombie (D:6)
  2 worker ant zombies
  A howler monkey skeleton (D:10)
  5 gnolls (D:6)
  16 adders
  4 white imps (D:12)
  An ufetubus (D:12)
  14 oozes
  A worm (D:3)
  A dart slug (D:1)
  4 leopard geckos
  54 orcs
  3 ball pythons
  4 giant cockroaches
  6 goblins
  9 hobgoblins
  6 jackals
  7 quokkas
  3 bats (D:1)
  4 frilled lizards
  A jackal skeleton (D:5)
  6 kobolds
  A quokka skeleton (D:6)
  2 rats
  A plant (D:8)
309 creatures vanquished.

Vanquished Creatures (others)
  A wight (D:10)
  8 fungi (D:6)
  A plant (D:8)
10 creatures vanquished.

Grand Total: 319 creatures vanquished

Notes
Turn   | Place    | Note
-------+----------+-------------------------------------------
     0 | D:1      | KristoblXynda the Draconian Gladiator began the quest for
                  | the Orb.
     0 | D:1      | Reached XP level 1. HP: 17/17 MP: 1/1
   150 | D:1      | Reached XP level 2. HP: 14/25 MP: 2/2
   191 | D:1      | HP: 1/25 [hobgoblin/+0 club (4)]
   716 | D:2      | Noticed Jessica
   725 | D:2      | Killed Jessica
   725 | D:2      | Reached XP level 3. HP: 6/30 MP: 3/3
  1096 | D:2      | Reached skill level 4 in Long Blades
  1096 | D:2      | Reached XP level 4. HP: 24/38 MP: 4/4
  1201 | D:2      | Learned a level 3 spell: Mephitic Cloud
  2497 | D:3      | Reached skill level 1 in Conjurations
  2708 | D:3      | Reached XP level 5. HP: 45/45 MP: 5/5
  2992 | D:4      | HP: 1/46 [something/magic dart (9)]
  3310 | D:4      | Found a white marble altar of Elyvilon.
  3343 | D:4      | Reached XP level 6. HP: 42/52 MP: 6/6
  3422 | D:4      | Found a glowing silver altar of Zin.
  3813 | D:5      | Entered Level 5 of the Dungeon
  4304 | D:5      | Reached skill level 5 in Long Blades
  4311 | D:5      | Your scales start taking on a dull iron-grey colour.
  4311 | D:5      | Reached XP level 7. HP: 60/60 MP: 7/7
  4311 | D:5      | Gained mutation: You can survive without breathing. [Grey
                  | Draconian growth]
  4385 | D:5      | Found a staircase to the Ecumenical Temple.
  4460 | Temple   | Entered the Ecumenical Temple
  4500 | Temple   | Became a worshipper of Ashenzari the Shackled
  4729 | D:6      | Noticed an oklob plant
  4757 | D:6      | Reached skill level 5 in Fighting
  4979 | D:6      | Reached skill level 5 in Dodging
  4979 | D:6      | Reached XP level 8. HP: 68/68 MP: 8/8
  5046 | D:6      | Reached skill level 6 in Long Blades
  5297 | D:6      | Noticed Edmund
  5310 | D:6      | Killed Edmund
  5567 | D:6      | Found a radiant altar of Vehumet.
  5711 | D:7      | Reached skill level 5 in Conjurations
  6184 | D:7      | Reached * piety under Ashenzari
  6351 | D:7      | Reached XP level 9. HP: 71/78 MP: 8/10
  6405 | D:7      | Reached skill level 1 in Spellcasting
  6406 | D:7      | Reached skill level 7 in Long Blades
  6843 | D:8      | Found an ornate altar of the Wu Jian Council.
  6870 | D:8      | Noticed Psyche
  7018 | D:8      | Found a shimmering altar of Xom.
  7067 | D:8      | Found a hazy altar of Hepliaklqana.
  7083 | D:8      | Found a staircase to the Lair.
  7084 | D:8      | Noticed a komodo dragon
  7097 | D:8      | Killed a komodo dragon
  7494 | D:9      | Learned a level 2 spell: Blink
  7806 | D:9      | Reached XP level 10. HP: 88/88 MP: 15/15
  7968 | D:9      | Reached skill level 8 in Long Blades
  7986 | D:10     | Entered Level 10 of the Dungeon
  8068 | D:10     | Reached ** piety under Ashenzari
  8945 | D:11     | Identified a scroll of acquirement
  8948 | D:11     | Got the cursed pair of boots of Divine Intervention
                  | {*Contam Str-5 Dex+6 Stlth+}
  8973 | D:11     | Reached skill level 1 in Evocations
  9054 | D:11     | Killed an unseen horror
  9057 | D:11     | Noticed a two-headed ogre
  9080 | D:11     | Killed a two-headed ogre
  9093 | D:11     | Reached skill level 9 in Long Blades
  9101 | D:11     | Reached skill level 5 in Spellcasting
  9204 | D:11     | Noticed Snorg
  9221 | D:11     | Killed Snorg
  9221 | D:11     | Reached XP level 11. HP: 94/94 MP: 18/18
  9461 | D:11     | Noticed a five-headed hydra
  9474 | D:11     | Killed a five-headed hydra
 10070 | D:12     | Reached *** piety under Ashenzari
 10082 | D:12     | Found a staircase to the Orcish Mines.
 10282 | D:12     | Noticed a skeletal warrior
 10284 | D:12     | Noticed a skeletal warrior
 10346 | D:12     | Killed a skeletal warrior
 10346 | D:12     | Noticed a green ugly thing
 10366 | D:12     | Killed a green ugly thing
 10366 | D:12     | Reached skill level 10 in Long Blades
 10370 | D:12     | Killed a skeletal warrior
 10695 | D:12     | Noticed a death knight
 10731 | D:12     | HP: 4/94 [death knight/+0 glaive (8)]
 10737 | D:12     | Slain by a death knight

Levels and vault maps discovered:
D:1:      lightli_arrival_farm, layout_rooms, serial_glass, glass_columns_a,
          glass_columns_b, glass_columns_a, glass_columns_c, glass_columns_c,
          glass_columns_c, glass_columns_a, glass_columns_b
D:2:      layout_loops_corners, uniq_jessica
D:3:      layout_basic
D:4:      layout_cave_pods, chequers_temple_overflow_statue_of_worship
D:5:      layout_rooms, minmay_temple_entry_tees, first_ration
D:6:      lemuel_slime, layout_basic, kennysheep_little_box,
          hangedman_abyss_or_decor_slice, uniq_edmund
D:7:      layout_basic
D:8:      layout_loops_ring, lemuel_crystal_altar, lemuel_round_altar,
          david_lair_shrubbed, david_defended_altar_elf, uniq_psyche
D:9:      layout_rooms, serial_rivers, chequers_serial_rivers_micro_d,
          chequers_serial_rivers_marsh, chequers_serial_rivers_micro_e,
          chequers_serial_rivers_small_a
D:10:     layout_loops_corners, hangedman_stone_soup
D:11:     layout_basic, uniq_snorg
D:12:     layout_irregular_city, orc_0_dummy, serial_ice, serial_ice_l,
          serial_ice_d, serial_ice_h, serial_ice_a, serial_ice_e, serial_ice_g,
          serial_ice_f, serial_ice_o, serial_ice_c, serial_ice_m
Temple:   minmay_crystal_spiral_temple

Skill      XL: |  1  2  3  4  5  6  7  8  9 10 11 |
---------------+----------------------------------+-----
Throwing       | 2 |  2.0
Dodging        | 3 4 5 6 8 9 |  9.1
Fighting       | 3 4 5 6 7 8 |  8.0
Long Blades    | 4 5 6 7 9 10 | 10.1
Conjurations   | 1 2 3 5 6 7 8 |  8.3
Spellcasting   | 3 5 6 |  6.6
Evocations     | 3 |  3.6

Action                   |  1- 3 |  4- 6 |  7- 9 | 10-12 || total
-------------------------+-------+-------+-------+-------++-------
Melee: Long sword        |    67 |   229 |       |       ||   296
       Tailslap          |    11 |    29 |    67 |    64 ||   171
       Scimitar          |       |       |   330 |   294 ||   624
Invok: Curse Item        |       |       |     2 |       ||     2
Evoke: Wand              |       |       |       |    23 ||    23
  Use: Potion            |       |     5 |       |     5 ||    10
       Scroll            |       |     5 |     6 |     9 ||    20
 Stab: Sleeping          |       |     6 |     7 |     3 ||    16
       Distracted        |       |       |     2 |       ||     2
       Paralysed         |       |       |       |    10 ||    10
  Eat: Chunk             |       |    10 |     6 |     6 ||    22
       Ration            |       |     1 |     1 |     1 ||     3
Armor: Skin              |    17 |   121 |   121 |    92 ||   351
Dodge: Dodged            |    57 |   169 |   276 |   258 ||   760
       Rpst.: Long sword |    19 |    48 |       |       ||    67
       Scimitar          |       |       |    85 |    77 ||   162

Table legend:
 A = Non-vault XP
 B = Vault XP
 C = Vault XP percentage of total XP
 D = Non-vault monster count
 E = Vault monster count
 F = Vault count percentage of total count
                 A         B        C        D         E       F
            +---------+---------+-------+---------+---------+-------
      Total |   15405 |    4055 |  20.8 |     267 |      41 |  13.3
            +---------+---------+-------+---------+---------+-------
        D:1 |      37 |       0 |   0.0 |      21 |       0 |   0.0
        D:2 |      53 |      37 |  41.1 |       8 |       1 |  11.1
        D:3 |      69 |       0 |   0.0 |      11 |       0 |   0.0
        D:4 |     338 |       0 |   0.0 |      25 |       0 |   0.0
        D:5 |     291 |       0 |   0.0 |      14 |       0 |   0.0
        D:6 |    1040 |     474 |  31.3 |      40 |      19 |  32.2
        D:7 |     847 |       0 |   0.0 |      14 |       0 |   0.0
        D:8 |     734 |     355 |  32.6 |      14 |       1 |   6.7
        D:9 |    1768 |       0 |   0.0 |      30 |       0 |   0.0
       D:10 |     540 |     580 |  51.8 |      12 |       4 |  25.0
       D:11 |    5145 |    1152 |  18.3 |      46 |       1 |   2.1
       D:12 |    4543 |    1457 |  24.3 |      32 |      15 |  31.9
            +---------+---------+-------+---------+---------+-------
